 Dungeon Crawl Stone Soup version 0.28.0-43-g3370ac3207 (webtiles) character file.

Game seed: 8825162733237044323

251 sanboga the Covered (level 6, -1/39 HPs)
             Began as a Gargoyle Fighter on Apr 1, 2022.
             Slain by Crazy Yiuf
             ... wielding a +4 quarterstaff of chaos
              (7 damage)
             ... on level 4 of the Dungeon.
             The game lasted 00:02:29 (4819 turns).

sanboga the Covered (Gargoyle Fighter)              Turns: 4819, Time: 00:02:30

Health: -1/39      AC: 11    Str: 21    XL:     6   Next: 13%
Magic:  6/6        EV:  9    Int:  9    God:
Gold:   153        SH:  4    Dex:  9    Spells: 5/5 levels left

rFire   . . .      SeeInvis .   a - +0 war axe
rCold   . . .      Faith    .   c - +0 buckler
rNeg    + . .      Spirit   .   b - +0 scale mail
rPois   ∞          Reflect  .   (no helmet)
rElec   +          Harm     .   (no cloak)
rCorr   .          Rampage  .   (no gloves)
Will    .....                   (no boots)
Stlth   ..........              (no amulet)
HPRegen 0.13/turn               (no ring)
MPRegen 0.10/turn               (no ring)

@: no status effects
A: sickness immunity, AC +4, negative energy resistance 1, electricity
resistance, torment resistance 1, petrification resistance
a: no special abilities


You were on level 4 of the Dungeon.
You visited 1 branch of the dungeon, and saw 4 of its levels.

You collected 153 gold pieces.

Inventory:

Hand Weapons
 a - a +0 war axe (weapon)
Armour
 b - a +0 scale mail (worn)
 c - a +0 buckler (worn)
Jewellery
 h - a ring of ice
 k - an amulet of faith
 m - an amulet of magic regeneration
Scrolls
 f - a scroll of fog {unknown}
 g - 2 scrolls of identify {unknown}
 l - a scroll of teleportation {unknown}
 o - a scroll of silence {unknown}
 p - a scroll of magic mapping {unknown}
Potions
 d - a potion of might
 e - 2 potions of curing {unknown}
 i - 2 potions of mutation {unknown}
 j - 3 potions of heal wounds {unknown}
 n - a potion of brilliance {unknown}


   Skills:
 + Level 4.3 Fighting
 * Level 3.8 Axes
 + Level 4.3 Armour
 + Level 4.3 Shields


You had 5 spell levels left.
You didn't know any spells.
Your spell library contained the following spells:

 Spells                   Type           Power      Damage    Failure   Level
 Foxfire                  Conj/Fire      0%         2x1d4     80%         1
 Fulminant Prism          Conj/Hex       0%         3d6       100%        4
 Conjure Ball Lightning   Conj/Air       0%         3x3d6     100%        6


Dungeon Overview and Level Annotations

Branches:
Dungeon (4/15)
 Temple: D:4-7

Altars:
Vehumet

Annotations:
D:4 Crazy Yiuf


Innate Abilities, Weirdness & Mutations

You are immune to sickness and miasma.
Your stone body is resilient. (AC +4)
You are immune to poison.
You resist negative energy. (rN+)
You are resistant to electric shocks. (rElec)
You are resistant to unholy torment.
You are immune to petrification.


Message History

There is an open door here.
There is an open door here.
There is an escape hatch in the floor here.
There is an escape hatch in the floor here.
Key pressed, stopping explore.
No target in view!
Found a mace.
Found a runed translucent door.
Crazy Yiuf shouts!
Crazy Yiuf cries, "Cholesterol spinner sing!"
Key pressed, stopping explore.
No reachable target in view!
Could not explore, unopened runed door.
No reachable target in view!
No reachable target in view!
Could not explore, unopened runed door.
No reachable target in view!
You open the door.
Crazy Yiuf grits, "Island!
Gum green disdain."
You hit Crazy Yiuf.
Crazy Yiuf is moderately wounded.
Crazy Yiuf hits you but does no damage.
Crazy Yiuf hits you with a +4 quarterstaff of chaos!
Crazy Yiuf freezes you.
You closely miss Crazy Yiuf.
Crazy Yiuf is moderately wounded.
Crazy Yiuf hits you with a +4 quarterstaff of chaos.
Crazy Yiuf burns you.
You barely miss Crazy Yiuf.
Crazy Yiuf is moderately wounded.
Crazy Yiuf hits you with a +4 quarterstaff of chaos!
You completely miss Crazy Yiuf.
Crazy Yiuf is moderately wounded.
Crazy Yiuf hits you with a +4 quarterstaff of chaos!
* * * LOW HITPOINT WARNING * * *
Crazy Yiuf hits you with a +4 quarterstaff of chaos.
* * * LOW HITPOINT WARNING * * *
You slash Crazy Yiuf!
Crazy Yiuf is almost dead.
Crazy Yiuf hits you with a +4 quarterstaff of chaos!
You die...

###################### #..
#..........>.........######.#
#.#########.########.........
#.# ### ##........ #.#
#........ #.# ##....... #.#
### #####....... #.# #)..###
##.#......... #.#
#...g@####............ #.#
#...##..#........#.### #.#
### ###.#..#.##.#.# #.#
#########.#.# #.# #.#.# #.#
#.#.# #####.# #...# #.....#
##..### ##.#### ######
#......


You could see Crazy Yiuf.

Vanquished Creatures
  A phantom (D:4)
  An orc priest (D:3)
  A hound (D:4)
  A killer bee zombie (D:4)
  3 adders
  An ufetubus (D:4)
  A worm (D:2)
  2 orcs
  6 bats
  4 endoplasms
  A giant cockroach (D:1)
  4 goblins
  8 hobgoblins
  9 jackals
  A quokka (D:3)
  5 ball pythons
  3 frilled lizards
  5 kobolds
  5 rats
62 creatures vanquished.

Notes
Turn   | Place    | Note
-------+----------+-------------------------------------------
     0 | D:1      | sanboga the Gargoyle Fighter began the quest for the Orb.
     0 | D:1      | Reached XP level 1. HP: 14/14 MP: 1/1
   334 | D:1      | Reached XP level 2. HP: 19/19 MP: 2/2
  1528 | D:2      | Reached XP level 3. HP: 19/23 MP: 3/3
  2340 | D:2      | Got Zyuqucs's Catalogue of Too Many Cooks
  2596 | D:3      | Reached XP level 4. HP: 29/29 MP: 4/4
  2923 | D:3      | Found a faded altar of an unknown god.
  3352 | D:3      | Found a radiant altar of Vehumet.
  3672 | D:4      | Noticed a phantom
  3680 | D:4      | Killed a phantom
  3681 | D:4      | Reached XP level 5. HP: 18/33 MP: 5/5
  4195 | D:4      | Reached XP level 6. HP: 23/38 MP: 6/6
  4810 | D:4      | Found a runed translucent door.
  4811 | D:4      | Noticed Crazy Yiuf
  4819 | D:4      | Slain by Crazy Yiuf

Illustrated notes

Levels and vault maps discovered:
D:1:      dpeg_arrival_another_circle, layout_basic
D:2:      layout_loops_corners
D:3:      layout_rooms, lemuel_crystal_altar,
          shapermc_ecumenical_altar_acropolis, roderic_serpentine_path
D:4:      layout_basic, small_statue_alley_b, uniq_crazy_yiuf_cottage

Skill      XL: |  1  2  3  4 |
---------------+-------------+-----
Axes           | 2 3 |  3.8
Fighting       | 4 |  4.3
Armour         | 4 |  4.3
Shields        | 4 |  4.3

Action                   |  1- 3 |  4- 6 || total
-------------------------+-------+-------++-------
Melee: War axe           |   143 |    86 ||   229
Armor: Scale mail        |    95 |    46 ||   141
Dodge: Dodged            |    69 |    64 ||   133
Block: Buckler           |    36 |    25 ||    61
